 Dungeon Crawl Stone Soup version 0.31-a0-221-gbddc013574 (webtiles) character file.

Game seed: 5216960506770040235

936 qw the Chopper (level 8, -6/49 HPs)
             Began as a Gargoyle Fighter on July 4, 2023.
             Mangled by Duvessa
             ... wielding a +0 rapier
              (10 damage)
             ... on level 5 of the Dungeon.
             The game lasted 00:01:47 (3481 turns).

qw the Chopper (Gargoyle Fighter)                   Turns: 3481, Time: 00:01:48

Health: -6/49      AC: 16    Str: 24    XL:     8   Next: 12%
Magic:  8/8        EV:  7    Int: 10    God:
Gold:   255        SH:  9    Dex: 12    Spells: 7/7 levels left

rFire   . . .        Y - +0 war axe
rCold   . . .        k - +0 kite shield
rNeg    + . .        c - +0 chain mail
rPois   inf          (no helmet)
rElec   +            (no cloak)
rCorr   .            (no gloves)
SInv    .            i - +1 pair of boots
Will    .....        (no amulet) Stlth
                     a - ring of Fragile Peace {Fly Str+3 Dex+3}
HPRegen 0.28/turn    (no ring)
MPRegen 0.11/turn

%: no passive effects
@: flying
A: sickness immunity, AC +5, negative energy resistance 1, electricity
resistance, torment resistance 1, petrification resistance
a: no special abilities


You were on level 5 of the Dungeon.
You visited 1 branch of the dungeon, and saw 5 of its levels.

You collected 255 gold pieces.


Innate Abilities, Weirdness & Mutations

You are immune to sickness and miasma.
Your stone body is resilient. (AC +5)
You are immune to poison.
You resist negative energy. (rN+)
You are resistant to electric shocks. (rElec)
You are resistant to unholy torment.
You are immune to petrification.


   Skills:
 - Level 5.3 Fighting
 + Level 6.2 Axes
 - Level 3.2 Armour
 - Level 1.0 Dodging
 - Level 6.0 Shields


You had 7 spell levels left.
You didn't know any spells.
Your spell library was empty.

Inventory:

Hand Weapons
 f - a +0 flail
 Y - a +0 war axe (weapon)
Armour
 c - a +0 chain mail (worn)
 i - a +1 pair of boots (worn)
 k - a +0 kite shield (worn)
Jewellery
 a - the ring of Fragile Peace (left hand) {Fly Str+3 Dex+3}
   (You acquired it on level 2 of the Dungeon)

   [ring of flight]

   Str:       It affects your strength (+3).
   Dex:       It affects your dexterity (+3).
   Fly:       It grants you flight.
Scrolls
 m - 2 scrolls of identify
Potions
 b - a potion of curing {unknown}
 d - 2 potions of might
 e - a potion of mutation {unknown}
 h - a potion of haste {unknown}
 j - a potion of degeneration {unknown}
 l - a potion of enlightenment {unknown}

Dungeon Overview and Level Annotations

Branches:
Dungeon (5/15)
 Temple: D:4-7

Altars:

Annotations:
D:4 1 runed translucent door, Crazy Yiuf
D:5 3 runed translucent doors, Duvessa; qw's ghost, novice GrFi


Message History

You hit Dowan but do no damage.
Dowan is moderately wounded.
You hit Duvessa but do no damage. You block Dowan's attack.
Duvessa hits you with a +0 rapier.
You closely miss Dowan.
Dowan is moderately wounded.
You hit Duvessa.
Dowan smirks and points a slender finger.
You block Dowan's attack. Duvessa hits you but does no damage.
Duvessa says, "Where magic fails, the sword succeeds!"
You block Duvessa's attack. Dowan hits you but does no damage.
You slash Dowan!
You kill Dowan!
Duvessa screams in rage.
Duvessa goes berserk!
You barely miss Duvessa. You block Duvessa's attack.
Duvessa hits you with a +0 rapier.
You barely miss Duvessa.
Duvessa is lightly wounded.
You slash the orc!
You kill the orc!
Duvessa hits you with a +0 rapier! You block Duvessa's attack.
3476 ||| DRINKING potion of heal wounds.
You feel much better. Duvessa hits you but does no damage.
You closely miss Duvessa.
Duvessa is lightly wounded.
Duvessa hits you but does no damage. You block Duvessa's attack.
You hit Duvessa but do no damage.
Duvessa is lightly wounded.
You block Duvessa's attack. Duvessa hits you with a +0 rapier!
You slash Duvessa!
Duvessa is moderately wounded.
Duvessa hits you with a +0 rapier! Duvessa hits you with a +0 rapier.
You hit Duvessa but do no damage.
Duvessa is moderately wounded.
Duvessa hits you with a +0 rapier! You block Duvessa's attack.
You closely miss Duvessa.
Duvessa is moderately wounded.
Duvessa hits you with a +0 rapier!
You die...

#### .# ###...# ..
##.....# #.. #.
#......# #.. #..#.#...
.#.. #...e..### )#..
#.)@...#### ..#.#
#...####....#####..+.#
.....
######....#...+.# .$..
.......^.......+o#
####.
##########.##.[#o# #..
####.....#o. #.#
###........#o. #..#
#:..##..#..#oo #..#
#.#####....#o.


You could see Duvessa (berserk).

Vanquished Creatures
  Grinder (D:4)
  Menkaure (D:5)
  A water moccasin (D:5)
  2 scorpions
  Dowan (D:5)
  2 orc priests (D:4)
  2 iguanas (D:5)
  A sleepcap (D:3)
  Ijyb (D:4)
  4 adders
  3 gnolls (D:2)
  A shadow imp (D:5)
  An ufetubus (D:4)
  4 worms
  4 dart slugs
  9 orcs
  5 ball pythons
  4 endoplasms
  6 giant cockroaches
  6 goblins
  6 hobgoblins
  4 jackals (D:1)
  A quokka (D:4)
  9 bats
  4 frilled lizards
  5 kobolds
  2 rats
90 creatures vanquished.

Notes
Turn   | Place    | Note
-------+----------+-------------------------------------------
     0 | D:1      | qw the Gargoyle Fighter began the quest for the Orb.
     0 | D:1      | Reached XP level 1. HP: 14/14 MP: 1/1
     0 | D:1      | 0 ||| qw: Version: 0.3-a-40-ge99b1a8
     0 | D:1      | 0 ||| qw: Game counter: 637
     0 | D:1      | 0 ||| qw: Melee chars always use a shield: true
     0 | D:1      | 0 ||| qw: God list: Okawaru
     0 | D:1      | 0 ||| qw: Allow faded altars: false
     0 | D:1      | 0 ||| qw: Do Orc after clearing Dungeon:15 true
     0 | D:1      | 0 ||| qw: Do second Lair branch before Depths: true
     0 | D:1      | 0 ||| qw: Lair rune preference: random
     0 | D:1      | 0 ||| qw: Goals: Normal, Zot:1-4, Slime:5, God:TSO, Crypt,
                  | Tomb, Abyss, Pan, Hells, Win
     0 | D:1      | 0 ||| PLANNING D:1-11
   150 | D:1      | Reached XP level 2. HP: 18/19 MP: 2/2
   285 | D:1      | 285 ||| Stepping ~*~*~tactically~*~*~ (stealth).
   710 | D:1      | 710 ||| READING scroll labelled DUDOOZX ROKITI.
   711 | D:1      | 711 ||| READING scroll labelled ZUPPIA ROREH CISO.
   712 | D:1      | 712 ||| READING scroll labelled WEUNAQ FEAGRIPS.
   713 | D:1      | 713 ||| READING scroll labelled DUTHRO WOMAN.
   716 | D:1      | 716 ||| READING 2 scrolls labelled XYMNI YDAO.
   717 | D:1      | 717 ||| DRINKING 2 clear potions.
   718 | D:1      | 718 ||| DROPPING potion of brilliance.
   774 | D:2      | Reached skill level 3 in Axes
   805 | D:2      | Reached XP level 3. HP: 6/23 MP: 3/3
   805 | D:2      | HP: 5/23 [gnoll/+0 spear (1)]
  1006 | D:2      | Reached XP level 4. HP: 19/28 MP: 4/4
  1232 | D:2      | Found a faded altar of an unknown god.
  1354 | D:2      | 1354 ||| Stepping ~*~*~tactically~*~*~ (hiding).
  1525 | D:2      | 1525 ||| Stepping ~*~*~tactically~*~*~ (stealth).
  1879 | D:2      | 1879 ||| UPGRADING to +0 pair of boots.
  1884 | D:2      | 1884 ||| READING scroll of enchant armour.
  1884 | D:2      | 1884 ||| ENCHANTING +0 pair of boots.
  1885 | D:2      | 1885 ||| READING scroll labelled QEOVOL ODETEC.
  1885 | D:2      | Identified a scroll of acquirement
  1885 | D:2      | 1885 ||| ACQUIRING ring of Fragile Peace {Fly Str+3 Dex+3}
  1885 | D:2      | Acquired the ring of Fragile Peace {Fly Str+3 Dex+3}
  1887 | D:2      | 1887 ||| UPGRADING to ring of Fragile Peace {Fly Str+3
                  | Dex+3}.
  1935 | D:3      | 1935 ||| Stepping ~*~*~tactically~*~*~ (stealth).
  1937 | D:3      | 1937 ||| Stepping ~*~*~tactically~*~*~ (stealth).
  1945 | D:3      | 1945 ||| Stepping ~*~*~tactically~*~*~ (stealth).
  1988 | D:3      | 1988 ||| Stepping ~*~*~tactically~*~*~ (stealth).
  1990 | D:3      | 1990 ||| Stepping ~*~*~tactically~*~*~ (hiding).
  2090 | D:3      | Reached skill level 1 in Dodging
  2152 | D:3      | Reached XP level 5. HP: 32/32 MP: 5/5
  2434 | D:3      | 2434 ||| UPGRADING to +4 ring mail.
  2444 | D:3      | 2444 ||| DROPPING +0 scale mail.
  2445 | D:3      | 2445 ||| UPGRADING to +0 kite shield.
  2455 | D:3      | 2455 ||| DROPPING +0 buckler.
  2456 | D:3      | 2456 ||| READING scroll labelled YWYLOYN OL GAA.
  2457 | D:3      | 2457 ||| DRINKING 2 brown potions.
  2526 | D:4      | Noticed Ijyb
  2539 | D:4      | Killed Ijyb
  2548 | D:4      | Reached XP level 6. HP: 21/37 MP: 6/6
  2647 | D:4      | 2647 ||| Stepping ~*~*~tactically~*~*~ (hiding).
  2782 | D:4      | 2782 ||| Stepping ~*~*~tactically~*~*~ (hiding).
  2904 | D:4      | Found a runed translucent door.
  2905 | D:4      | Noticed Crazy Yiuf
  2954 | D:4      | Noticed Grinder
  2963 | D:4      | Paralysed by Grinder for 2 turns
  2969 | D:4      | Killed Grinder
  2970 | D:4      | Reached XP level 7. HP: 34/44 MP: 7/7
  3183 | D:4      | 3183 ||| UPGRADING to +0 chain mail.
  3193 | D:4      | 3193 ||| DROPPING +4 ring mail.
  3194 | D:4      | 3194 ||| READING scroll labelled NENIEK XUSHYR.
  3212 | D:5      | Entered Level 5 of the Dungeon
  3243 | D:5      | Noticed Menkaure
  3244 | D:5      | 3244 ||| Stepping ~*~*~tactically~*~*~ (hiding).
  3256 | D:5      | Killed Menkaure
  3257 | D:5      | Reached skill level 6 in Shields
  3357 | D:5      | 3357 ||| Stepping ~*~*~tactically~*~*~ (hiding).
  3358 | D:5      | 3358 ||| Stepping ~*~*~tactically~*~*~ (hiding).
  3439 | D:5      | Found a runed translucent gate.
  3441 | D:5      | Found a runed translucent gate.
  3441 | D:5      | Identified the +6 hand axe of Dukoan {heavy, rF- rC++ rCorr
                  | Int+3}
  3441 | D:5      | Identified the +1 leather armour "Oryisil" {Dex+2}
  3443 | D:5      | Found a runed translucent gate.
  3444 | D:5      | Noticed qw's ghost (novice GrFi)
  3457 | D:5      | Noticed Dowan
  3461 | D:5      | Noticed Duvessa
  3467 | D:5      | Reached skill level 6 in Axes
  3467 | D:5      | Reached XP level 8. HP: 32/49 MP: 8/8
  3474 | D:5      | Killed Dowan
  3475 | D:5      | HP: 8/49 [Duvessa/+0 rapier (7)]
  3476 | D:5      | 3476 ||| DRINKING potion of heal wounds.
  3480 | D:5      | HP: 4/49 [Duvessa/+0 rapier (16)]
  3481 | D:5      | Mangled by Duvessa

Levels and vault maps discovered:
D:1:      lemuel_arrival_lava_pool, layout_basic
D:2:      layout_loops_corners, hellmonk_ecumenical_altar_crossroads,
          nicolae_titane
D:3:      layout_rooms
D:4:      layout_cave_pools, amcnicky_mini_pool_small, uniq_crazy_yiuf_cottage,
          uniq_grinder, uniq_ijyb
D:5:      layout_rooms, biasface_ghost_orc_armoury, uniq_menkaure, uniq_duvessa

Skill      XL: |  1  2  3  4  5  6  7 |
---------------+----------------------+-----
Axes           | 2 3 4 5 6 |  6.2
Dodging        | 1 |  1.0
Shields        | 4 5 6 |  6.0
Fighting       | 5 |  5.3
Armour         | |  3.2

Action                     |  1- 3 |  4- 6 |  7- 9 || total
---------------------------+-------+-------+-------++-------
  Melee: War axe           |    83 |   159 |    39 ||   281
    Use: Scroll            |     5 |     3 |     1 ||     9
         Potion            |     1 |     1 |     1 ||     3
 Armour: Scale mail        |    52 |    38 |       ||    90
         Ring mail         |       |    45 |       ||    45
         Chain mail        |       |       |    21 ||    21
  Dodge: Dodged            |    50 |    61 |     8 ||   119
  Block: Buckler           |    23 |    13 |       ||    36
         Kite shield       |       |    29 |    25 ||    54

Table legend:
 A = Non-vault XP
 B = Vault XP
 C = Vault XP percentage of total XP
 D = Non-vault monster count
 E = Vault monster count
 F = Vault count percentage of total count
                 A         B        C        D         E       F
            +---------+---------+-------+---------+---------+-------
      Total |     783 |     555 |  41.5 |      86 |       4 |   4.4
            +---------+---------+-------+---------+---------+-------
        D:1 |      27 |       0 |   0.0 |      16 |       0 |   0.0
        D:2 |     107 |       0 |   0.0 |      24 |       0 |   0.0
        D:3 |      70 |       0 |   0.0 |      16 |       0 |   0.0
        D:4 |     243 |     317 |  56.6 |      21 |       2 |   8.7
        D:5 |     336 |     238 |  41.5 |       9 |       2 |  18.2
            +---------+---------+-------+---------+---------+-------
